 Dungeon Crawl Stone Soup version 0.25-a0-663-gace7076f2c (webtiles) character file.

Game seed: 10120988358553371127, levelgen mode: deterministic

8428 CryoSword the Spear-Bearer (level 11, -1/113 HPs)
             Began as an Ogre Wizard on Mar 24, 2020.
             Was a Priest of Sif Muna.
             Slain by a killer bee (8 damage)
             ... on level 11 of the Dungeon.
             The game lasted 01:14:25 (18773 turns).

CryoSword the Spear-Bearer (Ogre Wizard)           Turns: 18773, Time: 01:14:26

Health: -1/113     AC:  5    Str: 13    XL:     11   Next: 30%
Magic:  5/19       EV: 13    Int: 27    God:    Sif Muna [***...]
Gold:   95         SH:  0    Dex: 14    Spells: 8/21 levels left

rFire    + . .     SeeInvis .   a - +1 halberd (venom)
rCold    x . .     Gourm    .   (shield currently unavailable)
rNeg     . . .     Faith    .   z - +2 robe {MR+}
rPois    .         Spirit   .   s - +0 hat
rElec    .         Reflect  .   B - scarf {cloud immunity}
rCorr    .         Harm     .   (gloves unavailable)
MR       ++...                  (boots unavailable)
Stlth    ++........             S - amulet of rage
HPRegen  0.28/turn              J - +2 ring of intelligence
MPRegen  0.16/turn              W - ring of Hubugud {Fire Int+3 Dex+7}

@: studying Polearms
A: large, unfitting armour, tough skin 1
a: Channel Magic, Forget Spell, Renounce Religion, Evoke Berserk Rage


You were on level 11 of the Dungeon.
You worshipped Sif Muna.
Sif Muna was most pleased with you.
You were very hungry.

You visited 2 branches of the dungeon, and saw 12 of its levels.

You collected 435 gold pieces.
You spent 340 gold pieces at shops.

Inventory:

Hand Weapons
 a - a +1 halberd of venom (weapon)
   (You took it off a gnoll on level 3 of the Dungeon)
 h - a +1 spear of venom
   (You took it off a gnoll on level 3 of the Dungeon)
Missiles
 k - 71 poisoned darts (quivered)
 p - 2 throwing nets
 y - 6 boomerangs
 C - 3 silver boomerangs
 U - 6 atropa-tipped darts
Armour
 s - a +0 hat (worn)
 z - a +2 robe of magic resistance (worn)
   (You took it off Pikel on level 4 of the Dungeon)
 B - a scarf of cloud immunity (worn)
   (You bought it in a shop on level 4 of the Dungeon)
Jewellery
 n - an uncursed ring of fire
   (You found it on level 2 of the Dungeon)
 D - an uncursed ring of fire
   (You took it off a gnoll shaman on level 3 of the Dungeon)
 J - a +2 ring of intelligence (left hand)
   (You found it on level 5 of the Dungeon)
 S - an amulet of rage (around neck)
   (You found it on level 9 of the Dungeon)
 W - the ring of Hubugud (right hand) {Fire Int+3 Dex+7}
   (You bought it in a shop on level 8 of the Dungeon)

   [ring of fire]

   It enhances your fire magic.
   It affects your intelligence (+3).
   It affects your dexterity (+7).
   It protects you from fire.
   It makes you vulnerable to cold.
Wands
 w - a wand of iceblast (8)
   (You found it on level 3 of the Dungeon)
 E - a wand of disintegration (6)
   (You took it off a gnoll on level 3 of the Dungeon)
 H - a wand of flame (13)
   (You found it on level 10 of the Dungeon)
 L - a wand of digging (6)
   (You found it on level 5 of the Dungeon)
 T - a wand of paralysis (7)
   (You found it on level 9 of the Dungeon)
Scrolls
 b - a scroll of fear {unknown}
 c - 5 scrolls of remove curse {@r2}
 f - 3 scrolls of enchant weapon {unknown}
 g - 4 scrolls of identify {@r1}
 m - 3 scrolls of teleportation {@r4}
 o - a scroll of immolation {unknown}
 q - a scroll of amnesia
 u - a scroll of torment {unknown}
 A - 3 scrolls of magic mapping
 F - a scroll of enchant armour {unknown}
 M - 2 scrolls of fog {unknown}
 Q - 2 scrolls of blinking {unknown}
 R - a scroll of noise {unknown}
Potions
 e - a potion of mutation {unknown}
 i - 5 potions of might
 j - 4 potions of flight
 l - a potion of heal wounds {unknown}
 r - 2 potions of lignification {!q}
 t - 2 potions of invisibility
 v - 2 potions of stabbing
 x - 2 potions of haste {unknown}
 I - a potion of resistance {unknown}
 N - a potion of cancellation {unknown}
 P - 2 potions of curing {@q1}
Books
 G - a manual of Polearms {!d}
   (You found it on level 3 of the Dungeon)
Comestibles
 d - 16 rations {!d}


   Skills:
 + Level 8.9 Fighting
 * Level 10.6 Polearms
 + Level 6.5 Dodging
 - Level 1.4 Stealth
 + Level 5.9 Spellcasting
 - Level 5.0 Conjurations
 - Level 4.0 Hexes
 - Level 4.0 Summonings
 - Level 2.4 Translocations
 - Level 3.0 Fire Magic
 - Level 2.0 Air Magic
 - Level 2.0 Poison Magic
 * Level 5.2 Invocations


You had 8 spell levels left.
You knew the following spells:

 Your Spells              Type           Power        Failure   Level  Hunger
a - Magic Dart            Conj           ####         1%          1    None
b - Call Imp              Summ           ####....     1%          2    None
c - Blink                 Tloc           N/A          3%          2    None
d - Slow                  Hex            ####....     1%          2    None
e - Conjure Flame         Conj/Fire      #####...     3%          3    None
f - Mephitic Cloud        Conj/Pois/Air  ###.....     6%          3    None

Your spell library contained the following spells:

 Spells                   Type           Power        Failure   Level  Hunger
 Animate Skeleton         Necr           N/A          7%          1    None
 Freeze                   Ice            #...         7%          1    None
 Pain                     Necr           #...         7%          1    None
 Frozen Ramparts          Ice            #.....       21%         3    None
 Ozocubu's Armour         Chrm/Ice       #.......     21%         3    None
 Vampiric Draining        Necr           #.........   21%         3    None
 Hailstorm                Conj/Ice       ###.....     24%         4    ###....
 Summon Ice Beast         Ice/Summ       ###.....     28%         4    ###....
 Animate Dead             Necr           N/A          54%         4    ###....
 Agony                    Necr           #.......     88%         5    #####..


Dungeon Overview and Level Annotations

Branches:
Dungeon (11/15)            Temple (1/1) D:7            Lair (0/6) D:9
    Orc: D:9-12

Altars:
Ashenzari
Cheibriados
Dithmenos
Kikubaaqudgha
Okawaru
Qazlal
Sif Muna
Trog
Xom
Yredelemnul

Shops:
D:4 [   D:5 [   D:7 *}*(*   D:8 *   D:11 :

Annotations:
D:5 Prince Ribbit
D:6 1 runed translucent door, Mictavius's ghost, novice BaSk


Innate Abilities, Weirdness & Mutations

You are too large for most types of armour.
You have tough skin. (AC +1)


Message History

Press: ? - help, Shift-Dir - straight line, f - orc wizard
Aim: an orc wizard, wielding a +0 dagger and wearing a +0 robe (severely wounded)
Okay, then.
An orc comes into view. It is wielding a +0 dagger.
Something hits you. Something hits your crimson imp!
Something closely misses your crimson imp.
The orc warrior zaps a wand.
The puff of flame hits you. You resist.
The orc wizard hits your crimson imp with a +0 dagger.
Your crimson imp barely misses the orc wizard.
The orc moves out of view.
Casting: Magic Dart (safe; 1% risk of failure)
Confirm with . or Enter, or press ? or * to list all spells.
Aiming: Mephitic Cloud (safe; 6% risk of failure)
Press: ? - help, Shift-Dir - straight line, f - bullfrog
Aim: a bullfrog The ball explodes into a vile cloud!
The stinking cloud engulfs the bullfrog but does no damage.
The stinking cloud engulfs the orc wizard but does no damage.
The orc wizard is severely wounded.
The stinking cloud engulfs the orc warrior but does no damage.
You hear two shouts!
You hear an angry buzzing noise.
You hear a shout!
You hear an angry buzzing noise. x2
Something barely misses you.
The bullfrog is engulfed in noxious fumes.
The bullfrog appears confused.
The orc warrior is engulfed in noxious fumes.
The orc warrior appears confused.
The orc wizard is engulfed in noxious fumes.
The orc wizard closely misses your crimson imp.
The bullfrog is engulfed in noxious fumes.
The bullfrog appears confused.
Your crimson imp blinks!
Your crimson imp hits the orc wizard.
Something hits you.
The bullfrog is engulfed in noxious fumes.
The bullfrog appears confused.
The orc warrior is engulfed in noxious fumes.
The orc wizard is engulfed in noxious fumes.
The orc wizard appears confused.
You kill the orc wizard!
Sif Muna accepts your kill.
Your crimson imp says, "The Orb is all yours."
You slash something! Something hits you. x2
The bullfrog is engulfed in noxious fumes.
The bullfrog appears confused.
The orc wizard completely misses your crimson imp.
The bullfrog is engulfed in noxious fumes.
The bullfrog appears confused.
The bullfrog closely misses something.
A two-headed ogre comes into view. It is wielding two +0 giant clubs.
The killer bee buzzes angrily.
Something barely misses you.
The bullfrog is engulfed in noxious fumes.
The bullfrog appears confused.
The bullfrog hits you!
The orc throws a boomerang.
The boomerang hits your crimson imp.
The weapon returns to the orc!
Your crimson imp hits the orc wizard.
You puncture the bullfrog!
You kill the bullfrog!
Sif Muna accepts your kill. Something barely misses you.
The orc throws a boomerang.
The boomerang misses your crimson imp. The boomerang barely misses you.
The weapon returns to the orc!
The orc wizard closely misses your crimson imp.
An orc comes into view. It is wielding a +0 mace.
Your crimson imp blinks! x2
Your crimson imp disappears in a puff of smoke!
Something hits you!
You see here a bullfrog corpse.
Something hits you!
Casting: Mephitic Cloud (safe; 6% risk of failure)
Confirm with . or Enter, or press ? or * to list all spells.
A beastly little devil appears in a puff of flame.
Something hits you. The killer bee stings you!
You are poisoned.
The killer bee poisons you! The killer bee stings you!
* * * LOW HITPOINT WARNING * * *
A killer bee comes into view.
The orc hits your shadow imp with a +0 dagger.
Your shadow imp hits the orc.
The killer bee stings you.
* * * LOW HITPOINT WARNING * * *
The killer bee closely misses you.
The killer bee stings your crimson imp but does no damage.
Okay, then.
As you read the scroll of teleportation {@r4}, it crumbles to dust.
You feel strangely unstable.
You feel sick. Something hits you but does no damage. Something hits you!
* * * LOW HITPOINT WARNING * * *
The killer bee stings you!
* * * LOW HITPOINT WARNING * * *
You are more poisoned.
The killer bee poisons you! The killer bee closely misses you.
The orc closely misses your shadow imp.
Your shadow imp hits the orc.
The killer bee barely misses you. The killer bee stings you!
* * * LOW HITPOINT WARNING * * *
You are more poisoned.
The killer bee poisons you!
Casting: Call Imp (safe; 1% risk of failure)
Confirm with . or Enter, or press ? or * to list all spells.
You blink.
You feel sick. Something hits you!
* * * LOW HITPOINT WARNING * * *
The killer bee misses your crimson imp.
Your crimson imp blinks!
The orc throws a boomerang.
The boomerang hits your shadow imp.
The weapon returns to the orc!
Your shadow imp misses the orc.
The killer bee closely misses your crimson imp.
The killer bee stings your crimson imp.
Your crimson imp completely misses the killer bee.
You feel better. Something barely misses you.
The killer bee stings your crimson imp!
Your crimson imp dies!
The orc throws a boomerang.
The boomerang hits your shadow imp but does no damage.
The weapon returns to the orc!
Your shadow imp hits the orc.
The killer bee misses you.
Casting: Blink (safe; 3% risk of failure)
Confirm with . or Enter, or press ? or * to list all spells.
You blink.
An orc wizard comes into view. It is wielding a +1 dagger of venom.
Your surroundings seem slightly different.
Your crimson imp blinks!
The boomerang closely misses your shadow imp.
A boomerang appears from out of your range of vision.
Your shadow imp hits something.
Something barely misses your shadow imp.
Okay, then.
Casting: Blink (safe; 3% risk of failure)
Confirm with . or Enter, or press ? or * to list all spells.
A beastly little devil appears in a puff of flame.
The killer bee stings you!
* * * LOW HITPOINT WARNING * * *
Something hits your crimson imp. Something hits your crimson imp!
Your crimson imp dies!
The killer bee stings you.
* * * LOW HITPOINT WARNING * * *
Casting: Call Imp (safe; 1% risk of failure)
Confirm with . or Enter, or press ? or * to list all spells.
Aiming: Magic Dart (safe; 1% risk of failure)
Press: ? - help, Shift-Dir - straight line, f - killer bee
Aim: a killer bee
Okay, then.
Casting: Magic Dart (safe; 1% risk of failure)
Confirm with . or Enter, or press ? or * to list all spells.
Aiming: Magic Dart (safe; 1% risk of failure)
Press: ? - help, Shift-Dir - straight line, f - killer bee
Aim: a killer bee The magic dart hits the killer bee.
The killer bee is moderately wounded.
The killer bee barely misses you. The killer bee stings you!
You die...

### #.## .#.## ###.## ###
##### # # ##.########.##
#... .####
##......#.#.###y####.....
#
##.#####..###.@y....^.....
###.## #.#.#[####.........
.#.## #..................
#.## ####...............
#.# #.#####y...##..... #.#
#####....##....##.....
#.####
#.....##.##.{.........
#....##
#.######.##.5o........
#.....###.#
#.##..##ยง......


You could see 2 killer bees.

Vanquished Creatures
  A two-headed ogre (D:9)
  Pikel (D:4)
  A gargoyle (D:10)
  2 centaur skeletons
  2 trolls
  A hornet (D:6)
  A spriggan (D:9)
  2 wyverns
  3 yaks (D:10)
  Menkaure (D:4)
  A water moccasin (D:9)
  3 orc warriors
  2 ice beasts (D:7)
  5 sky beasts
  4 phantoms
  An eye of draining (D:9)
  5 ogres
  2 black bears
  4 centaurs
  A big kobold (D:11)
  6 bullfrogs
  A scorpion (D:10)
  2 killer bees
  4 wights (D:9)
  3 howler monkeys
  2 crimson imps
  A jelly (D:11)
  4 hounds
  4 orc wizards
  4 orc priests
  A gnoll shaman (D:3)
  A bullfrog skeleton (D:7)
  4 iguanas
  3 worker ants
  2 hound zombies
  9 gnolls
  7 adders
  A shadow imp (D:5)
  An ooze (D:7)
  2 adder skeletons (D:5)
  An adder zombie (D:6)
  A worm (D:4)
  3 dart slugs
  4 leopard geckos
  20 orcs
  2 ball pythons
  7 bats
  6 giant cockroaches
  4 hobgoblins
  12 jackals
  4 quokkas
  6 frilled lizards
  9 goblins
  13 kobolds
  A leopard gecko zombie (D:6)
  3 quokka skeletons
  8 rats
209 creatures vanquished.

Vanquished Creatures (collateral kills)
  Grinder (D:5)
  Sigmund (D:4)
  An eye of draining (D:5)
  2 slaves
  A sky beast (D:10)
  3 ogres
  The ghost of Anaz the Gusty, an amateur DgAE (D:3)
  2 centaurs
  2 bullfrogs
  Blork the orc (D:6)
  A wight (D:9)
  3 howler monkeys (D:10)
  3 crimson imps
  2 orc priests
  3 orc wizards
  An iguana (D:4)
  3 worker ants
  6 adders
  9 gnolls
  An ooze (D:3)
  An adder skeleton (D:4)
  2 worms
  2 dart slugs (D:3)
  A leopard gecko (D:9)
  21 orcs
  A ball python (D:3)
  A giant cockroach (D:7)
  A goblin (D:1)
  A hobgoblin (D:2)
  7 jackals
  2 kobolds (D:11)
  2 bats
  A frilled lizard (D:3)
90 creatures vanquished.

Vanquished Creatures (others)
  A slave (D:4)
  A worker ant (D:4)
  A leopard gecko (D:4)
  6 plants (D:3)
9 creatures vanquished.

Grand Total: 308 creatures vanquished

Notes
Turn   | Place    | Note
-------+----------+-------------------------------------------
     0 | D:1      | CryoSword the Ogre Wizard began the quest for the Orb.
     0 | D:1      | Reached XP level 1. HP: 16/16 MP: 5/5
    49 | D:1      | Reached skill level 1 in Conjurations
   185 | D:1      | Reached XP level 2. HP: 26/26 MP: 0/6
   189 | D:1      | Learned a level 2 spell: Call Imp
   212 | D:1      | Learned a level 2 spell: Blink
   215 | D:1      | Learned a level 2 spell: Slow
   522 | D:1      | Reached skill level 1 in Fighting
  1169 | D:1      | Reached XP level 3. HP: 33/33 MP: 8/8
  1922 | D:2      | Reached skill level 1 in Summonings
  1978 | D:2      | Found a faded altar of an unknown god.
  2033 | D:2      | Reached XP level 4. HP: 34/42 MP: 5/10
  2547 | D:2      | Found a basalt altar of Yredelemnul.
  2549 | D:2      | Found a snail-covered altar of Cheibriados.
  3262 | D:3      | Reached XP level 5. HP: 50/50 MP: 4/11
  3318 | D:3      | Learned a level 3 spell: Conjure Flame
  3524 | D:3      | Found a transporter.
  3537 | D:3      | Identified the +5 spear "Jellybane" {venom, rElec MP+9
                  | Dex-3 SInv}
  3603 | D:3      | Found a transporter.
  4002 | D:2      | Found a bloodstained altar of Trog.
  4154 | D:4      | Noticed Sigmund
  4188 | D:3      | Noticed Anaz's ghost (amateur DgAE)
  4332 | D:4      | Found Laix's Antique Armour Emporium.
  4632 | D:4      | Noticed a slave
  4633 | D:4      | Noticed a slave
  4634 | D:4      | Noticed Pikel
  4641 | D:4      | Noticed a slave
  4660 | D:4      | Killed a slave
  4777 | D:3      | Killed a slave
  5235 | D:4      | Reached XP level 6. HP: 59/61 MP: 4/12
  5811 | D:4      | Noticed a slave
  5860 | D:4      | Killed Pikel
  5860 | D:4      | Reached skill level 5 in Spellcasting
  5860 | D:4      | Reached XP level 7. HP: 19/70 MP: 1/14
  6223 | D:4      | Bought a glowing scarf for 176 gold pieces
  6404 | D:4      | Noticed Menkaure
  6509 | D:4      | Killed Menkaure
  6875 | D:4      | Killed Sigmund
  6875 | D:4      | Reached skill level 5 in Fighting
  6875 | D:4      | Reached skill level 1 in Translocations
  7728 | D:3      | Killed Anaz's ghost
  7728 | D:3      | Reached XP level 8. HP: 72/80 MP: 11/15
  8835 | D:5      | Entered Level 5 of the Dungeon
  8918 | D:5      | Reached skill level 1 in Polearms
  9063 | D:5      | Noticed Prince Ribbit
  9083 | D:5      | Reached skill level 2 in Polearms
  9456 | D:5      | Reached skill level 3 in Polearms
  9456 | D:5      | Reached skill level 1 in Fire Magic
  9664 | D:5      | Noticed Grinder
  9680 | D:5      | Killed Grinder
  9680 | D:5      | Reached skill level 4 in Polearms
 10357 | D:5      | Found Oxaad's Armour Boutique.
 10378 | D:5      | Reached skill level 5 in Polearms
 10382 | D:5      | Reached XP level 9. HP: 81/92 MP: 13/16
 10738 | D:6      | Reached skill level 5 in Dodging
 10746 | D:6      | Learned a level 3 spell: Mephitic Cloud
 10792 | D:6      | Noticed a hornet
 10801 | D:6      | Paralysed by a hornet for 1 turns
 10803 | D:6      | Killed a hornet
 11258 | D:6      | Reached skill level 1 in Hexes
 11350 | D:6      | Noticed Blork the orc
 11361 | D:6      | Killed Blork the orc
 11361 | D:6      | Reached skill level 6 in Polearms
 11494 | D:6      | Reached skill level 1 in Air Magic
 11751 | D:6      | Found a runed translucent door.
 11752 | D:6      | Found a shimmering altar of Xom.
 11752 | D:6      | Noticed Mictavius's ghost (novice BaSk)
 11752 | D:6      | Noticed a +6 short sword of chaos
 11841 | D:6      | Reached skill level 1 in Poison Magic
 12084 | D:7      | Found a staircase to the Ecumenical Temple.
 12088 | D:7      | Found Seefroezic's Weapon Shop.
 12101 | Temple   | Entered the Ecumenical Temple
 12145 | Temple   | Became a worshipper of Sif Muna the Loreminder
 12207 | D:7      | Found Fiofagi's Assorted Antiques.
 12555 | D:7      | Reached skill level 1 in Invocations
 12828 | D:7      | Found Xaiget's General Store.
 12837 | D:7      | Bought a scroll of identify for 26 gold pieces
 13150 | D:7      | Found Kemaqamp's General Store.
 13158 | D:7      | Bought a scroll of identify for 30 gold pieces
 13214 | D:7      | Found Wailu's Gadget Shoppe.
 13277 | D:7      | Reached * piety under Sif Muna
 13277 | D:7      | Reached skill level 7 in Polearms
 13778 | D:7      | Reached XP level 10. HP: 57/102 MP: 8/17
 14345 | D:8      | Found Yjeuxug's Assorted Antiques.
 14354 | D:8      | Bought a scroll labeled POONIZ WEQA for 18 gold pieces
 15176 | D:9      | Reached skill level 8 in Polearms
 15325 | D:9      | Found a staircase to the Lair.
 15599 | D:9      | Noticed a two-headed ogre
 15608 | D:9      | Killed a two-headed ogre
 16269 | D:9      | Reached skill level 9 in Polearms
 16740 | D:10     | Entered Level 10 of the Dungeon
 16801 | D:8      | Bought a fine gossamer ring for 90 gold pieces
 16801 | D:8      | Identified the ring of Hubugud {Fire Int+3 Dex+7} (You
                  | bought it in a shop on level 8 of the Dungeon)
 17058 | D:10     | Noticed a gargoyle
 17076 | D:10     | Killed a gargoyle
 17245 | D:10     | Reached ** piety under Sif Muna
 17512 | D:10     | Reached skill level 10 in Polearms
 17512 | D:10     | Reached XP level 11. HP: 102/113 MP: 15/19
 18163 | D:11     | Found Bujia's Book Emporium.
 18260 | D:11     | Reached skill level 5 in Conjurations
 18298 | D:11     | Reached *** piety under Sif Muna
 18298 | D:11     | Noticed a green ugly thing
 18327 | D:11     | Reached skill level 5 in Invocations
 18758 | D:11     | Noticed a two-headed ogre
 18773 | D:11     | Slain by a killer bee

Levels and vault maps discovered:
D:1:      dpeg_arrival_orchard, layout_basic
D:2:      lemuel_upstairs_altar, layout_rooms, gammafunk_temple_overflow_pools,
          chequers_ecumenical_altar_simple
D:3:      layout_basic, gammafunk_ghost_gnarly_gnolls
D:4:      layout_loops_corners, serial_shops, nicolae_shop_crystal,
          first_ration, uniq_pikel, uniq_menkaure, uniq_sigmund
D:5:      layout_basic, serial_shops, shop, uniq_grinder, uniq_prince_ribbit1
D:6:      layout_loops_ring, ebering_ghost_xom, kennysheep_decorative_pillar,
          minivault_14, minmay_misc_feat_tiny, uniq_blork_the_orc
D:7:      layout_basic, minmay_temple_entry_junction, serial_shops,
          nicolae_shop_stone, nicolae_shop_statue_plus, shop, shop, shop
D:8:      layout_loops_ring, serial_shops,
          nicolae_shop_competitors_out_of_business
D:9:      layout_gridville, lair_entry_dummy, the_bakery,
          minmay_misc_feat_four_crosses, minmay_misc_feat_more_columns
D:10:     layout_rooms
D:11:     layout_loops_ring, erik_orc_4, serial_shops, shop
Temple:   regret_index_temple_chain_breaker

Skill      XL: |  1  2  3  4  5  6  7  8  9 10 11 |
---------------+----------------------------------+-----
Conjurations   | 1 2 3 4 5 |  5.0
Dodging        | 2 3 4 5 6 |  6.5
Fighting       | 1 2 3 4 5 6 7 8 |  8.9
Spellcasting   | 4 5 |  5.9
Summonings     | 1 2 3 4 |  4.0
Translocations | 2 |  2.4
Polearms       | 5 7 10 | 10.6
Fire Magic     | 2 3 |  3.0
Hexes          | 2 4 |  4.0
Air Magic      | 2 |  2.0
Poison Magic   | 1 2 |  2.0
Invocations    | 1 4 5 |  5.2
Stealth        | |  1.4

Action                   |  1- 3 |  4- 6 |  7- 9 | 10-12 || total
-------------------------+-------+-------+-------+-------++-------
Melee: Dagger            |    63 |    12 |       |       ||    75
       Unarmed           |     1 |       |       |       ||     1
       Spear             |       |   138 |   104 |       ||   242
       Halberd           |       |       |   300 |   270 ||   570
 Fire: Hunting sling     |       |    11 |     5 |       ||    16
Throw: Dart              |       |       |     5 |       ||     5
 Cast: Magic Dart        |    70 |    41 |     8 |    40 ||   159
       Call Imp          |     6 |    58 |   130 |    71 ||   265
       Conjure Flame     |       |     2 |    11 |     8 ||    21
       Slow              |       |       |       |     5 ||     5
       Blink             |       |       |       |     5 ||     5
       Mephitic Cloud    |       |       |       |     3 ||     3
Invok: Channel Magic     |       |       |       |     1 ||     1
  Use: Scroll            |       |     2 |     8 |     7 ||    17
       Potion            |       |       |       |     1 ||     1
 Stab: Distracted        |       |       |     2 |     3 ||     5
       Sleeping          |       |       |     4 |     1 ||     5
  Eat: Chunk             |     4 |    11 |    21 |    12 ||    48
       Ration            |       |       |     2 |     1 ||     3
Armor: Robe              |    32 |    32 |    92 |    32 ||   188
Dodge: Dodged            |    59 |    83 |   235 |   117 ||   494

Table legend:
 A = Non-vault XP
 B = Vault XP
 C = Vault XP percentage of total XP
 D = Non-vault monster count
 E = Vault monster count
 F = Vault count percentage of total count
                 A         B        C        D         E       F
            +---------+---------+-------+---------+---------+-------
      Total |   10387 |    1654 |  13.7 |     273 |      24 |   8.1
            +---------+---------+-------+---------+---------+-------
        D:1 |      34 |       0 |   0.0 |      22 |       0 |   0.0
        D:2 |     110 |       0 |   0.0 |      29 |       0 |   0.0
        D:3 |      68 |     187 |  73.3 |      27 |       9 |  25.0
        D:4 |     233 |     688 |  74.7 |      38 |       3 |   7.3
        D:5 |     816 |     237 |  22.5 |      23 |       1 |   4.2
        D:6 |     821 |      81 |   9.0 |      18 |       1 |   5.3
        D:7 |    1046 |       0 |   0.0 |      24 |       0 |   0.0
        D:8 |     941 |       0 |   0.0 |      22 |       0 |   0.0
        D:9 |    2528 |     224 |   8.1 |      23 |       1 |   4.2
       D:10 |    2080 |       0 |   0.0 |      22 |       0 |   0.0
       D:11 |    1710 |     237 |  12.2 |      25 |       9 |  26.5
            +---------+---------+-------+---------+---------+-------
